 Dungeon Crawl Stone Soup version 0.21.1-1-g345015f (webtiles) character file.

55 inc the Vexing (level 3, -11/14 HPs)
             Began as a Felid Enchanter on Mar 15, 2018.
             Was an Initiate of Yredelemnul.
             Killed from afar by Terence (12 damage)
             ... with a wand of flame (16)
             ... on level 2 of the Dungeon.
             The game lasted 00:03:09 (2002 turns).

inc the Vexing (Felid Enchanter)                    Turns: 2002, Time: 00:03:10

Health: -11/14     AC:  1    Str:  4    XL:     3   Next: 67%
Magic:  1/7        EV: 18    Int: 17    God:    Yredelemnul [......]
Gold:   117        SH:  0    Dex: 16    Spells: 3/6 levels left
                                        Lives:  0   Deaths: 0

rFire    . . .     SeeInvis +     - Unarmed
rCold    . . .     Gourm    .   (shield unavailable)
rNeg     . . .     Faith    .   (armour unavailable)
rPois    .         Spirit   .   (helmet unavailable)
rElec    .         Reflect  .   (cloak unavailable)
rCorr    .         Harm     .   (gloves unavailable)
MR       .....                  (boots unavailable)
Stlth    +++.......             (no amulet)
HPRegen  0.04/turn              (no ring)
MPRegen  0.10/turn              (no ring)

@: very slightly contaminated, quick
A: very small, no armour, no weapons or thrown items, stealth, claws 1, fangs 3,
see invisible, carnivore, speed 1, shaggy fur 1, slow metabolism 1, sharp paws
a: Renounce Religion


You were on level 2 of the Dungeon.
You worshipped Yredelemnul.
Yredelemnul was noncommittal.
You were hungry.

You visited 1 branch of the dungeon, and saw 2 of its levels.

You collected 117 gold pieces.

Inventory:

Scrolls
 c - 2 scrolls of remove curse {unknown}
 d - 2 scrolls of fog {unknown}
 f - a scroll of teleportation {unknown}
 g - 2 scrolls of fear {unknown}
 h - 2 scrolls of identify {unknown}
Potions
 e - a potion of invisibility
Books
 a - a book of Maledictions

   Spells                             Type                      Level
   a - Corona                         Hexes                        1
   b - Ensorcelled Hibernation        Hexes/Ice                    2
   c - Confuse                        Hexes                        3
   d - Tukima's Dance                 Hexes                        3
   e - Dazzling Spray                 Conjuration/Hexes            3
Comestibles
 b - 4 rations


   Skills:
 - Level 2.6 Dodging
 - Level 4.0 Stealth
 - Level 3.5 Unarmed Combat
 - Level 2.0 Spellcasting
 + Level 4.4 Hexes
 + Level 0.1 Ice Magic


You had 3 spell levels left.
You knew the following spells:

 Your Spells              Type           Power        Failure   Level  Hunger
a - Corona                Hex            ###....      3%          1    #......
b - Ensorcelled Hibernat  Hex/Ice        #.....       12%         2    ###....


Dungeon Overview and Level Annotations

Branches:
Dungeon (2/15)

Altars:
Gozag
Yredelemnul

Annotations:
D:2 Terence


Innate Abilities, Weirdness & Mutations

You cannot wear armour.
You are incapable of wielding weapons or throwing items.
Your paws allow you to move quietly. (Stealth)
You have sharp claws.
You have razor-sharp teeth.
You have supernaturally acute eyesight. (SInv)
You are carnivorous and can eat meat at any time.
You cover ground quickly.
You are covered in fur. (AC +1)
You have a slow metabolism.
Your sharp claws are effective at attacking unaware monsters.


Message History

Terence resists with some effort.
Terence misses you.
Casting: Ensorcelled Hibernation
Confirm with . or Enter, or press ? or * to list all spells.
Aiming: Ensorcelled Hibernation
Press: ? - help, Shift-Dir - straight line, f/p - Terence
Aim: Terence, wielding a mace, wearing a chain mail and carrying a wand of flame (18) (chance to defeat MR: 50%) Terence resists with some effort.
Terence zaps a wand.
The puff of flame hits you!
Casting: Ensorcelled Hibernation
Confirm with . or Enter, or press ? or * to list all spells.
You don't have enough magic to cast that spell.
Unknown command.
Terence says, "Don't bother to defend, it's senseless."
Terence zaps a wand.
The puff of flame hits you!
Ouch! That really hurt!
* * * LOW HITPOINT WARNING * * *
Terence zaps a wand.
The puff of flame hits you!
Ouch! That really hurt!
You die...
Your body rises from the dead as a mindless zombie.

#...###.#..#
#.#.....
#.### #.#..#
#.##.#.. #.
#.#..#
#....... #
#.#..#
####.#.#
#†#..# #....
#.# ###.#
#.# #...#
##.# #.##.
#.@# #.##.
#.## ###....
#.# #......
# #.#
#.###..
####.###@##
.. #.#
#....S.S..#
#####
#.##.###..#
...#. # #..#
..#. .....
....


You could see Terence and an adder.

Vanquished Creatures
  An adder (D:2)
  2 dart slugs (D:1)
  A leopard gecko (D:2)
  2 giant cockroaches (D:1)
  7 goblins
  A hobgoblin (D:1)
  3 jackals
  2 quokkas (D:2)
  A ball python (D:1)
  5 bats
  3 frilled lizards
  5 kobolds
  5 rats
38 creatures vanquished.

Notes
Turn   | Place    | Note
-------+----------+-------------------------------------------
     0 | D:1      | inc the Felid Enchanter began the quest for the Orb.
     0 | D:1      | Reached XP level 1. HP: 7/7 MP: 4/4
   195 | D:1      | Reached XP level 2. HP: 10/11 MP: 6/6
   201 | D:1      | Learned a level 2 spell: Ensorcelled Hibernation
   583 | D:2      | Found an opulent altar of Gozag.
   822 | D:1      | Reached XP level 3. HP: 8/14 MP: 1/7
  1226 | D:2      | Found a basalt altar of Yredelemnul.
  1235 | D:2      | Became a worshipper of Yredelemnul the Dark
  1991 | D:2      | Noticed Terence
  2002 | D:2      | Killed from afar by Terence

Skill      XL: |  1  2 |
---------------+-------+-----
Unarmed Combat | 2 3 |  3.5
Dodging        | |  2.6
Stealth        | |  4.0
Spellcasting   | |  2.0
Hexes          | |  4.4
Ice Magic      | |  0.1

Action                   || total
-------------------------++-------
Melee: Unarmed           ||    77
       Bite              ||     4
       Punch             ||     1
 Cast: Ensorcelled Hiber ||    25
  Use: Potion            ||     2
 Stab: Sleeping          ||    25
  Eat: Chunk             ||     2
Armor: Skin              ||     4
Dodge: Dodged            ||    60
